 Dungeon Crawl Stone Soup version 0.32-a0-699-g1ee5eff69a (webtiles) character file.

Game seed: 9615623914633967419

87 BeKind the Chiller (level 4, -5/27 HPs)
             Began as an Octopode Ice Elementalist on Mar 13, 2024.
             Killed by divine providence
             ... invoked by an orc priest
              (14 damage)
             ... on level 3 of the Dungeon.
             The game lasted 00:03:01 (2093 turns).

BeKind the Chiller (Octopode Ice Elementalist)      Turns: 2093, Time: 00:03:03

Health: -5/27      AC:  1    Str:  7    XL:     4   Next: 51%
Magic:  5/8        EV: 12    Int: 19    God:
Gold:   123        SH:  0    Dex: 12    Spells: 4/8 levels left

rFire   . . .        c - +0 dagger (freeze)
rCold   . . .        (no shield)
rNeg    . . .        (helmet restricted)
rPois   .            (no amulet)
rElec   .            (no ring)
rCorr   .            (no ring)
SInv    .            (no ring)
Will    .....        (no ring)
Stlth   +++          (no ring)
HPRegen 0.24/turn    (no ring)
MPRegen 0.11/turn    (no ring)
                     (no ring)

%: no passive effects
@: no status effects
A: almost no armour, amphibious, 8 rings, camouflage 1, gelatinous body 1,
(nimble swimmer 1), tentacles
a: Convert to Beogh


You were on level 3 of the Dungeon.
You visited 1 branch of the dungeon, and saw 3 of its levels.

You collected 123 gold pieces.

Inventory:

Hand Weapons
 c - a +0 dagger of freezing (weapon)
Scrolls
 b - 4 scrolls of teleportation {unknown}
 e - a scroll of fog {unknown}
 g - a scroll of blinking {unknown}
 l - 4 scrolls of revelation {unknown}
 o - a scroll of identify {unknown}
Potions
 a - a potion of magic
 d - a potion of might {unknown}
 f - 3 potions of enlightenment {unknown}
 h - a potion of heal wounds {unknown}
 i - a potion of brilliance {unknown}
 j - 2 potions of attraction {unknown}
 k - a potion of haste {unknown}
 m - a potion of cancellation {unknown}
 n - a potion of mutation {unknown}
 p - a potion of berserk rage {unknown}
 q - a potion of degeneration {unknown}
 r - a potion of curing {unknown}


   Skills:
 + Level 3.0 Dodging
 - Level 3.0 Stealth
 + Level 2.8 Spellcasting
 * Level 0.4 Summonings
 + Level 4.6 Ice Magic


You had 4 spell levels left.
You knew the following spells:

 Your Spells              Type           Power      Damage    Failure   Level
a - Freeze                Ice            80%        1d9       2%          1
b - Summon Ice Beast      Ice/Summ       12%        N/A       17%         3

Your spell library contained the following spells:

 Spells                   Type           Power      Damage    Failure   Level
 Frozen Ramparts          Ice            40%        1d7       7%          3
 Ozocubu's Armour         Ice            20%        N/A       7%          3


Dungeon Overview and Level Annotations

Branches:
Dungeon (3/15)

Altars:


Innate Abilities, Weirdness & Mutations

You cannot wear most types of armour.
You are amphibious.
You can wear up to eight rings at the same time.
Your skin changes colour to match your surroundings (Stealth+).
Your rubbery body absorbs attacks. (AC +1, EV +1)
((You are camouflaged when in or above water. (Stealth+)))
You have tentacles for arms and can constrict up to eight enemies at once.


Message History

An endoplasm comes into view.
You see here a fizzy ruby potion.
An endoplasm is nearby!
An orc priest comes into view.
It is wielding a +0 whip. 2 orcs and an orc priest come into view.
Found a scroll labelled DIRION DECUI.
An orc comes into view. It is wielding a +0 dagger.
The helpless orc fails to defend itself.
You hit the orc. You freeze the orc. You grab the orc.
The orc is severely wounded.
You constrict the orc.
You kill the orc!
The orc shouts! x2; You hear an angry hiss.
The endoplasm quivers.
The orc priest looks satisfied for a moment.
The bat hits you.
The orc priest invokes the aid of Beogh against you.
Pain shoots through your body!
Ouch! That really hurt!
The orc priest shouts, "The Pantheon deserves no one's loyalty.
Let us show you the true path!" (press Y on the ability menu to convert to Beogh) Unknown command.
Casting: Summon Ice Beast (quite dangerous; 17% risk of failure)
Confirm with . or Enter, or press ? or * to list all spells.
A chill wind blows around you. The bat closely misses you.
The endoplasm jiggles.
The endoplasm hits you. The bat closely misses you.
The orc priest attacks as it pursues you!
The orc priest hits you with a +0 whip.
Your ice beast misses the bat.
The endoplasm attacks as it pursues you!
The endoplasm hits you.
* * * LOW HITPOINT WARNING * * *
You hit the bat. You freeze the bat. Your grab misses the bat.
The bat is severely wounded.
The bat barely misses you.
The orc priest mumbles some strange prayers to Beogh against you.
Beogh smites you!
Ouch! That really hurt!
You die...

..?........#########...#
..#.......##..........##
..................##.#.
#.......##.......#....
#.......####.#........
##...oY.........####..#
#..o)oJ..####.######...
#..#.##o### #.####...†.
.. #@# ###.......... ##
#.# ##...........# #.#
#..†...#######
#!###......# #
#..........# #
##.........# #
...##..#......#######
...............##..†..
........#......##.....


You could see 2 orc priests, an orc, an endoplasm and a friendly ice beast
(summoned).

Vanquished Creatures
  An adder (D:2)
  A ribbon worm (D:2)
  A dart slug (D:1)
  2 orcs (D:3)
  7 ball pythons
  7 endoplasms
  4 giant cockroaches
  7 goblins
  6 hobgoblins
  4 quokkas
  5 bats
  4 frilled lizards
  2 kobolds (D:1)
  10 rats
61 creatures vanquished.

Vanquished Creatures (collateral kills)
  A ribbon worm (D:3)
  A frilled lizard (D:3)
2 creatures vanquished.

Grand Total: 63 creatures vanquished

Notes
Turn   | Place    | Note
-------+----------+-------------------------------------------
     0 | D:1      | BeKind the Octopode Ice Elementalist began the quest for
                  | the Orb.
     0 | D:1      | Reached XP level 1. HP: 11/11 MP: 3/3
   150 | D:1      | Reached XP level 2. HP: 13/17 MP: 0/5
   698 | D:1      | Reached XP level 3. HP: 21/21 MP: 6/6
  1292 | D:2      | Identified the +7 plate armour "Rafuraelue" {rElec rF+++
                  | Will+ Dex-3}
  1542 | D:2      | Reached XP level 4. HP: 17/27 MP: 0/7
  1549 | D:2      | Learned a level 3 spell: Summon Ice Beast
  2093 | D:3      | Killed from afar by an orc priest

Illustrated notes

Levels and vault maps discovered:
D:1:      nicolae_arrival_somewhat_less_tricky_arrival, layout_loops_ring,
          st_stairs_1, wander_ebering_terrifying_dragon_lair
D:2:      layout_loops_ring, minmay_pentomino_x2
D:3:      layout_rooms, uniq_natasha

Skill      XL: |  1  2  3  4 |
---------------+-------------+-----
Stealth        | 3 |  3.0
Dodging        | 3 |  3.0
Spellcasting   | |  2.8
Summonings     | |  0.4
Ice Magic      | |  4.6

Action                     |  1- 3 |  4- 6 || total
---------------------------+-------+-------++-------
  Melee: Unarmed           |    10 |       ||    10
         Constrict         |    16 |    10 ||    26
         Tentacles         |     7 |     6 ||    13
         Dagger            |    39 |    30 ||    69
   Cast: Freeze            |    18 |     4 ||    22
         Summon Ice Beast  |       |     3 ||     3
   Stab: Sleeping          |    11 |     4 ||    15
 Armour: Skin              |    40 |    17 ||    57
  Dodge: Dodged            |    57 |    19 ||    76

Table legend: (Time is in decaauts)
 A = Elapsed time spent in this place.
 B = Non-inter-level travel time spent in this place.
 C = Inter-level travel time spent in this place.
 D = Time resting spent in this place.
 E = Time spent auto-exploring this place.
 F = Levels seen in this place.
 G = Mean time per level.
                   A        B        C        D        E       F      G
               +--------+--------+--------+--------+--------+-----+--------+
         Total |   2092 |   1994 |     98 |      0 |   1606 |   3 |  697.3 |
       Dungeon |   2092 |   1994 |     98 |      0 |   1606 |   3 |  697.3 |
               +--------+--------+--------+--------+--------+-----+--------+

Top non-repeatable levels by time:
     D:1: 1108 daAuts
     D:2: 764 daAuts
     D:3: 218 daAuts
